 Dungeon Sprint DCSS version 0.17.0-27-g4a3f43e (webtiles) character file.

2285 oplop the Covert (level 9, -6/45 HPs)
             Began as a Spriggan Enchanter on Nov 21, 2015.
             Was a Follower of Dithmenos.
             Killed by an exploding giant spore (27 damage)
             ... in the Dungeon (Sprint I: "Red Sonja").
             The game lasted 00:04:51 (544 turns).

oplop the Covert (Spriggan Enchanter)                Turns: 544, Time: 00:04:51

Health: -6/45      AC:  3    Str:  4    XL:     9   Next: 17%
Magic:  25/25      EV: 29    Int: 18    God:    Dithmenos [*.....]
Gold:   546        SH:  0    Dex: 18    Spells: 5 memorised, 19 levels left

rFire  . . .     SeeInvis +     a - +1 dagger
rCold  . . .     Clarity  .     b - +1 robe
rNeg   . . .     SustAt   .     o - +1 buckler {reflect}
rPois  .         Gourm    .     (helmet restricted)
rElec  .         Spirit   .     (no cloak)
rCorr  .         Warding  .     (gloves unavailable)
rMut   .         NoTele   +     (boots unavailable)
MR     +....                    (no amulet)
Stlth  +++.......               (no ring)
                                (no ring)

@: confused, wreathed by umbra, very quick, somewhat resistant to hostile
enchantments, fairly stealthy
A: unfitting armour, see invisible, herbivore 3, speed 3, slow metabolism 2
a: Renounce Religion


You were in the Dungeon.
You worshipped Dithmenos.
Dithmenos was aware of your devotion.
You were not hungry.

You visited 1 branch You collected 694 gold pieces.
You spent 148 gold pieces at shops.

Inventory:

Hand Weapons
 a - a +1 dagger (weapon)
 l - a +0 blowgun
 m - a +0 short sword of venom
Missiles
 n - 8 curare-tipped needles
 q - 6 needles of confusion
Armour
 b - a +1 robe (worn)
 o - a +1 buckler of reflection (worn)
Wands
 k - a wand of polymorph (13)
Scrolls
 j - a scroll of blinking
Potions
 e - 2 potions of curing
 f - a potion of heal wounds
 g - a potion of haste
 h - 2 potions of magic
 i - a potion of berserk rage
 p - a potion of flight {unknown}
Books
 c - a book of Maledictions

   Spells                             Type                      Level
   a - Corona                         Hexes                        1
   b - Ensorcelled Hibernation        Hexes/Ice                    2
   c - Confuse                        Hexes                        3
   d - Tukima's Dance                 Hexes                        3
   e - Dazzling Spray                 Conjuration/Hexes            3
Comestibles
 d - a bread ration


   Skills:
 + Level 3.9 Fighting
 - Level 8.9 Short Blades
 - Level 12.8 Dodging
 + Level 14.5 Stealth
 * Level 2.9 Shields
 + Level 11.5 Spellcasting
 - Level 10.4 Hexes
 + Level 2.5 Invocations


You had 19 spell levels left.
You knew the following spells:

 Your Spells              Type           Power        Failure   Level  Hunger
a - Corona                Hex            #####..      1%          1    None
b - Ensorcelled Hibernat  Hex/Ice        ####..       1%          2    None
c - Confuse               Hex            #####...     1%          3    None
d - Tukima's Dance        Hex            #####...     1%          3    None
e - Dazzling Spray        Conj/Hex       ####....     3%          3    None


Dungeon Overview and Level Annotations

Branches:
Dungeon (1/1)

Altars:
Cheibriados
Dithmenos
Elyvilon
Fedhas
Gozag
Kikubaaqudgha
Makhleb
Nemelex Xobeh
Okawaru
Qazlal
Ru
Sif Muna
Trog
Vehumet
Xom
Yredelemnul
Zin
The Shining One
Jiyva

Shops:
D [:[


Innate Abilities, Weirdness & Mutations

You are tiny and cannot use many weapons and most armour.
You have supernaturally acute eyesight.
You are a herbivore.
You cover ground extremely quickly.
You need consume almost no food.


Message History

You see here a deep troll corpse.
There is an open door here.
Found 54 gold pieces.
You see here 27 gold pieces.
You now have 546 gold pieces (gained 27).
The giant spore waves its rhizomes.
A ballistomycete grows in the wake of the giant spore.
You see here 6 needles of confusion.
q - 6 needles of confusion The giant spore explodes!
The explosion of spores engulfs the giant spore.
The giant spore explodes!
The explosion of spores engulfs you!
You are confused.
Ouch! That really hurt!
The explosion of spores engulfs the ballistomycete.
The explosion of spores engulfs you!
You are more confused.
Ouch! That really hurt!
You die...

####_..._##_.#'##+###
#_____###'#.#%((.###
############.####'###)##
#∩........'...'.....')∩#
###++++####.†.##########
###†### #$#'#$# #$!.P$#
#$@)$$# #######


You could see an active ballistomycete.

Vanquished Creatures
  Sonja (D)
  A deep troll (D)
  2 kobold demonologists (D)
  A slime creature (D)
  Sigmund (D)
  A yak (D)
  An ogre (D)
  A jelly (D)
  Ijyb (D)
  A giant eyeball (D)
11 creatures vanquished.

Vanquished Creatures (others)
  A giant spore (D)
1 creature vanquished.

Grand Total: 12 creatures vanquished

Notes
Turn   | Place    | Note
--------------------------------------------------------------
     0 | D        | oplop the Spriggan Enchanter began the quest for the Orb.
     0 | D        | Reached XP level 1. HP: 9/9 MP: 5/5
     1 | D        | Noticed Ijyb
     7 | D        | Killed Ijyb
     7 | D        | Reached skill level 5 in Stealth
     7 | D        | Reached XP level 2. HP: 7/13 MP: 6/8
   157 | D        | Learned a level 2 spell: Ensorcelled Hibernation
   157 | D        | Noticed an ogre
   160 | D        | Killed an ogre
   160 | D        | Reached skill level 6 in Dodging
   160 | D        | Reached skill level 7 in Stealth
   160 | D        | Reached skill level 5 in Spellcasting
   160 | D        | Reached skill level 5 in Hexes
   160 | D        | Reached XP level 3. HP: 16/16 MP: 8/10
   160 | D        | Reached XP level 4. HP: 21/21 MP: 9/12
   165 | D        | Learned a level 3 spell: Confuse
   169 | D        | Learned a level 3 spell: Tukima's Dance
   177 | D        | Noticed Sigmund
   180 | D        | Killed Sigmund
   180 | D        | Reached skill level 5 in Short Blades
   180 | D        | Reached skill level 8 in Dodging
   180 | D        | Reached skill level 9 in Stealth
   180 | D        | Reached XP level 5. HP: 24/24 MP: 11/15
   194 | D        | Found a deep blue altar of Sif Muna.
   195 | D        | Noticed a jelly
   196 | D        | Found a radiant altar of Vehumet.
   200 | D        | Killed a jelly
   200 | D        | Reached XP level 6. HP: 28/28 MP: 14/17
   202 | D        | Found Foefec's Book Emporium.
   202 | D        | Found a white marble altar of Elyvilon.
   202 | D        | Found a stormy altar of Qazlal.
   202 | D        | Found a burning altar of Makhleb.
   202 | D        | Found a sacrificial altar of Ru.
   202 | D        | Found a basalt altar of Yredelemnul.
   202 | D        | Found a glowing golden altar of the Shining One.
   202 | D        | Found a sparkling altar of Nemelex Xobeh.
   202 | D        | Found a shimmering altar of Xom.
   202 | D        | Found an opulent altar of Gozag.
   202 | D        | Found an ancient bone altar of Kikubaaqudgha.
   202 | D        | Found a glowing silver altar of Zin.
   202 | D        | Noticed a yak
   203 | D        | Found an iron altar of Okawaru.
   204 | D        | Killed a yak
   204 | D        | Reached skill level 10 in Stealth
   205 | D        | Found a bloodstained altar of Trog.
   230 | D        | Noticed Sonja
   253 | D        | Noticed a centaur warrior
   261 | D        | Found a viscous altar of Jiyva.
   261 | D        | Found a blossoming altar of Fedhas.
   261 | D        | Noticed a slime creature
   262 | D        | Found a snail-covered altar of Cheibriados.
   262 | D        | Found a shadowy altar of Dithmenos.
   264 | D        | Killed a slime creature
   264 | D        | Reached skill level 10 in Dodging
   264 | D        | Reached skill level 11 in Stealth
   264 | D        | Reached XP level 7. HP: 25/32 MP: 20/20
   266 | D        | Became a worshipper of Dithmenos the Shadowed
   332 | D        | Learned a level 3 spell: Dazzling Spray
   343 | D        | Noticed a kobold demonologist
   344 | D        | Noticed a kobold demonologist
   356 | D        | Killed a kobold demonologist
   356 | D        | Reached skill level 12 in Stealth
   356 | D        | Paralysed by a giant eyeball for 3 turns
   367 | D        | Killed a kobold demonologist
   367 | D        | Reached skill level 10 in Spellcasting
   367 | D        | Reached skill level 10 in Hexes
   367 | D        | Reached XP level 8. HP: 36/36 MP: 17/23
   370 | D        | Reached * piety under Dithmenos
   377 | D        | Noticed a demonic crawler
   377 | D        | Noticed a demonic crawler
   377 | D        | Noticed a demonic crawler
   377 | D        | Noticed a demonic crawler
   408 | D        | Killed Sonja
   408 | D        | Reached skill level 14 in Stealth
   446 | D        | Found Foamon's Armour Boutique.
   454 | D        | Bought a +1 buckler of reflection for 148 gold pieces
   472 | D        | Noticed a deep troll
   488 | D        | Killed a deep troll
   488 | D        | Reached XP level 9. HP: 42/45 MP: 22/25
   521 | D        | Found Biduufamp's Armour Emporium.
   544 | D        | Killed by an exploding giant spore

Action                   |  1- 3 |  4- 6 |  7- 9 || total
-------------------------+-------+-------+-------++-------
Melee: Dagger            |     5 |     4 |    23 ||    32
 Fire: Blowgun           |       |       |     2 ||     2
 Cast: Confuse           |       |       |     3 ||     3
 Stab: Sleeping          |     2 |     4 |     1 ||     7
       Confused          |       |       |     4 ||     4
